Map: King's Cove LE

Players

SirThirst - Winner!

  • Race: Protoss Protoss
  • Spawn Location: 5:00

A.I. 1 (Hard)

  • Race: Zerg Zerg
  • Spawn Location: 11:00

VOD

Have the link to the VOD?

Description

Time

  • Played on: Aug. 15, 2019, 5:46 a.m.
  • Length: 15:34
Show
View Real Time Build Order
Export as new Build Order

SirThirst Protoss - Winner!

Build Orders: 1 Gate Expand 

Get SALT Encoding   

  12  0:02  Probe  
  13  0:14  Probe  
  13  0:20  Pylon  
  14  0:26  Probe  
  15  0:38  Probe  
  15  0:39  Gateway  
  16  0:47  Probe  
  16  0:49  Assimilator  
  16  0:55  Probe  
  18  1:05  Probe  
  19  1:17  Probe  
  20  1:28  Nexus  
  20  1:39  Cybernetics Core  
  20  1:43  Assimilator  
  20  1:46  Probe  
  21  1:54  Probe  
  21  2:00  Pylon  
  22  2:02  Probe  
  23  2:18  Zealot  
  23  2:19  Probe  
  26  2:31  Probe  
  27  2:43  Probe  
  28  2:45  Zealot  
  28  2:48  Gateway  
  30  2:52  Forge  
  30  2:55  Probe  
  31  3:07  Probe  
  31  3:10  Pylon  
  31  3:11  Warp Gate  
  34  3:12  Zealot  
  34  3:14  Probe  
  34  3:16  Protoss Ground Weapons Level 1  
  35  3:22  Probe  
  35  3:24  Probe  
  37  3:32  Probe  
  37  3:35  Stalker  
  40  3:41  Gateway  
  40  3:44  Probe  
  41  3:52  Probe  
  41  3:53  Pylon  
  42  3:56  Probe  
  43  4:04  Probe  
  43  4:06  Pylon  
  43  4:07  Zealot  
  43  4:08  Probe  
  43  4:09  Zealot  
  49  4:16  Twilight Council, Probe  
  50  4:20  Probe  
  50  4:22  Assimilator  
  51  4:25  Assimilator  
  47  4:32  Probe  
  47  4:35  Zealot  
  50  4:39  Zealot  
  50  4:41  Stalker  
  50  4:44  Probe  
  55  4:51  Probe  
  56  4:54  Charge  
  56  4:56  Probe  
  56  4:58  Templar Archives  
  57  5:00  Gateway  
  57  5:03  Probe  
  58  5:08  Gateway, Probe  
  58  5:11  Gateway  
  58  5:14  Gateway  
  59  5:18  Pylon  
  59  5:27  Pylon  
  59  5:35  Zealot  
  61  5:39  Zealot  
  61  5:40  Zealot  
  65  5:43  Psionic Storm  
  65  5:55  Nexus  
  65  5:58  Assimilator  
  65  6:00  Assimilator  
  65  6:05  Pylon  
  65  6:08  Pylon  
  65  6:12  Probe  
  65  6:16  Probe  
  67  6:24  Probe  
  68  6:26  Zealot  
  68  6:29  Probe  
  68  6:31  Protoss Ground Weapons Level 2  
  71  6:34  Resonating Glaives  
  71  6:36  Probe  
  71  6:39  Zealot  
  74  6:40  Zealot  
  74  6:41  Zealot, Probe  
  74  6:46  Zealot  
  81  6:48  Probe  
  81  6:49  Zealot  
  81  6:52  Zealot  
  81  6:53  Probe  
  87  6:56  Stalker  
  87  6:58  Probe  
  90  7:05  Probe  
  90  7:06  Probe  
  91  7:10  Probe  
  91  7:15  Probe  
  93  7:18  Probe x2  
  96  7:27  Probe  
  96  7:28  Probe  
  97  7:30  Zealot, Probe  
  97  7:34  Forge  
  101  7:37  Pylon  
  101  7:39  Probe  
  101  7:40  Probe  
  101  7:41  Pylon  
  103  7:46  Pylon  
  103  7:51  Probe  
  104  7:52  Probe  
  104  7:56  Zealot x2  
  104  7:57  Zealot x3  
  104  7:58  Zealot x2  
  119  8:04  Gateway  
  119  8:06  Gateway  
  119  8:22  Gateway  
  119  8:25  Gateway, Protoss Ground Armor Level 1  
  119  8:49  Gateway  
  119  8:57  Gateway  
  119  8:58  Gateway  
  119  9:02  Gateway  
  119  9:05  Gateway  
  119  9:06  Gateway  
  119  9:10  Pylon  
  119  9:35  Nexus  
  119  9:47  Gateway  
  119  9:54  Pylon, Protoss Ground Weapons Level 3  
  119  9:58  Pylon  
  119  10:02  Pylon  
  119  10:05  Pylon  
  119  10:08  Pylon  
  119  10:15  Pylon  
  119  10:18  Pylon  
  119  10:20  Pylon  
  119  10:23  Assimilator  
  119  10:27  Assimilator  
  119  10:33  High Templar x2, Protoss Shields Level 1  
  119  10:34  High Templar x3  
  119  10:35  High Templar  
  131  10:36  High Templar x3  
  131  10:37  High Templar x3  
  131  10:38  High Templar x3  
  131  10:39  High Templar x2  
  153  10:47  Pylon  
  153  10:53  Pylon  
  153  10:55  Pylon  
  153  11:18  High Templar x2  
  157  11:19  High Templar x2  
  157  11:20  High Templar x2  
  157  11:21  High Templar x3  
  157  11:22  High Templar  
  157  11:23  High Templar  
  157  11:24  High Templar x2  
  157  11:25  High Templar  
  181  11:29  High Templar  
  183  11:45  High Templar x2  
  187  11:52  Archon x5  
  187  11:53  Archon x4  
  187  11:54  Archon x3  
  187  11:55  Archon x4  
  187  12:10  High Templar  
  187  12:11  High Templar x2  
  187  12:13  High Templar  
  187  12:14  Probe  
  196  12:23  High Templar  
  196  12:26  High Templar  
  200  12:32  Protoss Ground Armor Level 2  
  200  12:51  Archon x3  
  200  12:52  Archon  
  160  13:42  Stalker  
  160  13:43  Stalker x3  
  160  13:44  Stalker x2  
  160  13:45  Stalker x2  
  160  13:46  Stalker x2  
  160  13:47  Stalker x3  
  160  13:48  Stalker x3  
  176  13:49  Stalker  
  176  13:50  Stalker  
  178  14:13  Stalker x2  
  178  14:14  Stalker x2  
  178  14:15  Stalker x2  
  178  14:16  Stalker x2  
  190  14:18  Stalker  
  190  14:19  Stalker x2  
  190  14:20  Stalker x2  
Show
View Real Time Build Order
Export as new Build Order

A.I. 1 (Hard) Zerg 

Build Orders: 1 Base Baneling Bust, Pool First 

Get SALT Encoding   

  12  0:01  Drone  
  13  0:12  Overlord  
  13  0:18  Drone  
  14  0:30  Drone  
  14  0:32  Drone  
  16  0:44  Spawning Pool  
  16  0:46  Drone  
  16  0:51  Drone  
  16  0:53  Extractor  
  16  0:56  Drone  
  17  1:06  Overlord  
  17  1:31  Zergling x4  
  19  1:33  Queen  
  19  1:38  Drone  
  22  1:40  Roach Warren  
  21  1:47  Baneling Nest  
  21  1:52  Drone  
  21  2:00  Drone  
  22  2:10  Zergling x2  
  23  2:21  Drone  
  24  2:31  Baneling  
  24  2:32  Overlord  
  24  2:33  Baneling  
  24  2:39  Drone, Zergling x2  
  24  2:40  Zergling x2  
  24  2:42  Baneling  
  24  2:44  Baneling, Zergling x2  
  28  2:54  Extractor, Drone  
  28  2:57  Evolution Chamber  
  28  3:05  Zergling x2  
  28  3:11  Drone  
  28  3:12  Zergling x2  
  30  3:13  Drone  
  30  3:17  Drone  
  32  3:27  Overlord  
  32  3:38  Drone  
  33  3:43  Drone  
  33  3:44  Drone  
  33  3:46  Drone  
  36  3:50  Lair  
  36  4:08  Overlord  
  36  4:31  Baneling  
  32  4:39  Zergling x2  
  32  4:40  Metabolic Boost  
  33  4:50  Spire  
  33  4:51  Drone  
  33  5:00  Zerg Melee Weapons Level 1  
  33  5:22  Spore Crawler, Drone  
  33  5:29  Spore Crawler  
  33  5:30  Drone  
  33  5:40  Queen  
  35  5:53  Spine Crawler  
  35  5:55  Drone, Spine Crawler  
  34  6:02  Mutalisk  
  36  6:09  Mutalisk  
  38  6:16  Drone, Evolution Chamber  
  38  6:17  Burrow, Baneling  
  38  6:23  Drone, Hatchery  
  38  6:28  Mutalisk  
  40  6:41  Zerg Ground Armor Level 1  
  40  6:48  Mutalisk  
  42  6:55  Zerg Missile Weapons Level 1  
  42  7:27  Infestation Pit  
  41  7:35  Queen  
  41  7:36  Drone  
  44  7:37  Drone  
  44  7:38  Drone  
  46  7:44  Extractor  
  46  7:47  Spore Crawler, Drone  
  46  7:48  Spore Crawler  
  46  7:49  Drone  
  46  7:50  Extractor, Drone  
  45  8:12  Drone, Hive  
  46  8:27  Pneumatized Carapace  
  46  8:34  Overseer  
  46  8:38  Overseer  
  46  8:47  Mutalisk  
  47  8:55  Corruptor  
  49  9:06  Overseer  
  49  9:17  Overlord, Mutalisk  
  51  9:25  Viper  
  51  9:27  Mutalisk  
  56  9:35  Drone  
  56  9:36  Mutalisk  
  59  9:44  Mutalisk  
  59  9:45  Overlord  
  61  9:53  Mutalisk  
  63  10:03  Drone, Corruptor  
  63  10:05  Drone  
  63  10:06  Drone, Overlord  
  68  10:07  Drone  
  68  10:09  Drone  
  68  10:10  Drone  
  68  10:12  Drone  
  68  10:13  Drone  
  73  10:21  Viper  
  73  10:24  Drone, Overlord  
  73  10:25  Drone  
  73  10:27  Drone  
  79  10:28  Drone  
  79  10:30  Drone  
  79  10:31  Drone, Zerg Flyer Weapons Level 1  
  79  10:33  Drone  
  79  10:34  Drone  
  84  10:42  Drone, Overlord  
  85  10:44  Drone  
  86  11:05  Hatchery  
  86  11:07  Drone  
  86  11:20  Spine Crawler  
  86  11:24  Spine Crawler  
  84  11:30  Roach  
  88  11:32  Roach  
  88  11:35  Overlord, Roach  
  88  11:39  Roach  
  92  11:46  Hydralisk Den  
  91  11:53  Roach  
  93  11:57  Overlord  
  93  12:00  Roach  
  95  12:03  Roach  
  95  12:06  Roach  
  99  12:15  Hydralisk  
  99  12:16  Overlord  
  99  12:18  Hydralisk  
  99  12:21  Hydralisk  
  105  12:24  Infestor  
  105  12:25  Zerg Flyer Armor Level 1  
  105  12:27  Roach  
  109  12:30  Roach  
  109  12:33  Roach  
  109  12:36  Roach  
  115  12:37  Overlord  
  115  12:39  Roach  
  115  12:42  Roach  
  119  12:45  Roach  
  119  12:47  Roach  
  119  12:50  Hydralisk  
  125  12:53  Hydralisk  
  125  12:56  Drone, Hydralisk  
  125  12:58  Hydralisk, Overlord  
  130  13:00  Drone  
  130  13:01  Drone, Infestor  
  130  13:04  Hydralisk  
  138  13:16  Drone, Overlord  
  138  13:17  Drone  
  138  13:19  Drone, Roach  
  141  13:20  Drone  
  141  13:22  Drone  
  141  13:23  Drone  
  141  13:25  Drone  
  138  13:27  Drone  
  138  13:28  Drone  
  138  13:30  Drone, Roach  
  138  13:32  Drone  
  138  13:33  Drone  
  118  13:35  Zergling x2  
  118  13:39  Overseer  
  99  13:41  Roach  
  99  13:44  Roach  
  99  13:47  Roach  
  87  13:50  Roach  
  87  13:53  Hydralisk  
  75  13:57  Zergling x2  
  75  14:00  Hydralisk  
  73  14:05  Roach  
  73  14:08  Zergling x2  
  55  14:11  Hydralisk  
  55  14:15  Mutalisk  
  47  14:18  Drone  
  47  14:19  Roach  
  47  14:23  Zergling x2  
  44  14:27  Drone  
  24  14:48  Hatchery  
  19  15:04  Overlord  
  19  15:08  Drone  
  19  15:10  Spawning Pool  
  18  15:15  Drone  
Tags
 
Add a new tag
Caveats
  • Supply blocks, unpowered buildings, or Contaminate may cause inaccurate times.
  • Supply counts are checked every 10 seconds.